 Dungeon Crawl Stone Soup version 0.14-a0-1007-gacdcbbe (webtiles) character file.

14923 Aelig the Conjurer (level 11, -15/54 HPs)
             Began as a Deep Elf Fire Elementalist on Nov 22, 2013.
             Was an Elder of Vehumet.
             Demolished by a spectral orc warrior
             ... wielding a -1,+1 orcish great mace
             ... summoned by Nergalle
              (18 damage)
             ... on Level 3 of the Lair of Beasts on Nov 23, 2013.
             The game lasted 01:20:07 (16977 turns).

Aelig the Conjurer (Deep Elf Fire Elementalist)    Turns: 16977, Time: 01:20:08

HP -15/54        AC  4     Str  5      XL: 11   Next: 89%
MP  24/32        EV 12     Int 27      God: Vehumet [****..]
Gold 419         SH  0     Dex 15      Spells:  6 memorised, 13 levels left

Res.Fire  : . . .   See Invis. : .   C - +3,+2 sabre (venom)
Res.Cold  : . . .   Warding    : .   a - +0 elf robe
Life Prot.: . . .   Conserve   : .   (no shield)
Res.Poison: .       Res.Corr.  : .   j - +0 cap
Res.Elec. : .       Clarity    : .   y - +0 cloak
Sust.Abil.: . .     Spirit.Shd : .   o - +0 pair of gloves
Res.Mut.  : .       Stasis     : .   (no boots)
Res.Rott. : .       Flight     : .   (no amulet)
Saprovore : . . .                    K - ring of sustenance
                                     t - +3 ring of intelligence

@: about to teleport, drained, somewhat resistant to hostile enchantments, very
stealthy
A: no striking features
a: Renounce Religion


You were on level 3 of the Lair of Beasts.
You worshipped Vehumet.
Vehumet was greatly pleased with you.
You were not hungry.

You visited 3 branches of the dungeon, and saw 14 of its levels.
You also visited: Ossuary.

You collected 419 gold pieces.

Inventory:

Hand weapons
 C - a +3,+2 sabre of venom (weapon)
Armour
 a - a +0 elven robe (worn)
 j - a +0 cap (worn)
 o - a +0 pair of gloves (worn)
 y - a +0 cloak (worn)
Magical devices
 g - a wand of invisibility (0)
 n - a wand of draining (3)
 w - a wand of polymorph (4)
Comestibles
 c - 5 bread rations
 h - 3 honeycombs
 x - a meat ration
Scrolls
 b - a scroll of fog
 p - 10 scrolls of identify
 r - 4 scrolls of remove curse
Jewellery
 l - an uncursed ring of ice
 m - a cursed amulet of resist mutation
 q - an uncursed ring of protection from magic
 t - a +3 ring of intelligence (left hand)
 K - a ring of sustenance (right hand)
Potions
 d - a potion of degeneration {unknown}
 e - 2 potions of poison {unknown}
 i - a potion of brilliance {unknown}
 A - a potion of invisibility {unknown}
Books
 u - a Grand Grimoire {highlevel}

   This book is beyond your current level of understanding.

   Spells                             Type                      Level
   Demonic Horde                      Summoning                    6
   Mass Abjuration                    Summoning                    6
   Haunt                              Necromancy/Summoning         7
   Summon Greater Demon               Summoning                    7
   Malign Gateway                     Summoning/Translocation      7
   Summon Horrible Things             Summoning                    8


   Skills:
 - Level 2.4(1.8) Dodging
 * Level 7.9(7.2) Stealth
 - Level 11.4(10.6) Spellcasting
 + Level 12.6(11.8) Conjurations
 + Level 12.6(11.8) Fire Magic


You had 13 spell levels left.
You knew the following spells:

 Your Spells              Type           Power        Failure   Level  Hunger
a - Flame Tongue          Conj/Fire      #####        1%          1    None
b - Conjure Flame         Conj/Fire      ######..     1%          3    None
c - Inner Flame           Hex/Fire       #####...     1%          3    None
d - Throw Flame           Conj/Fire      ######       1%          2    None
e - Fireball              Conj/Fire      ######....   1%          5    ###....
f - Force Lance           Conj           ######..     1%          5    ###....


Dungeon Overview and Level Annotations

Branches:
Dungeon (9/16)             Temple (1/1) D:6            Lair (4/8) D:9
  Swamp (0/5) Lair:3
    Orc: D:9-12      Shoals: Lair:3-6     Snake: Lair:3-6    Spider: Lair:3-6

Altars:
Ashenzari
Cheibriados
Elyvilon
Fedhas
Kikubaaqudgha
Makhleb
Nemelex Xobeh
Okawaru
Sif Muna
Trog
Vehumet
Xom
Yredelemnul
Zin
the Shining One
Lugonu

Shops:
D:8 ?

Annotations:
Lair:1 Unifa's ghost, experienced OgBe
Lair:2 exclusion: downstairs
Lair:3 Nergalle


Message History

Unknown command.
Casting: Fireball
Confirm with . or Enter, or press ? or * to list all spells.
Okay, then.
Unknown command.
Read which item? (? for menu, Esc to quit)
As you read the scroll labeled WOUMEI KLULICK, it crumbles to dust.
The dust glows dull scarlet!
It was a scroll of random uselessness.
The spectral orc warrior hits you with an orcish great mace!
* * * LOW HITPOINT WARNING * * *
The spectral orc warrior misses you.
The spectral orc hits you but does no damage.
The spectral orc barely misses you.
Read which item? (? for menu, Esc to quit)
As you read the scroll labeled SHRUCV XYEMYR, it crumbles to dust.
You feel strangely unstable.
It was a scroll of teleportation.
The spectral orc knight closely misses you.
The spectral orc warrior misses you.
The spectral orc warrior hits you with an orcish great mace!
You die...

.#..≈.≈.≈.≈.≈.≈.≈.≈.≈.≈.≈..####..
...........{.≈.≈.≈.≈.≈.≈.≈..###.f
.#..≈.≈.≈.{.≈.≈.≈.≈.≈.≈.≈..#....#
%##≈.≈.≈.....%.≈.≈.≈.≈.≈.≈...####
..####≈...##.###≈≈#≈≈.#.##.#.## #
.P# #≈##.##.P##.###.#.#.#.#..# #
..#######.##(..§WW§...........###
..##.###..##P.§#fWW#.f.#.#.#..#P#
..'...........WW@WW§o............
..P.##.#....##§f#####.f###P####..
..######P..###### #### ### ###
.## #f..# .########..#
....#P###..# .#.........#
.P.#####.### ...# ###


You could see 4 spectral orcs, 2 spectral orc knights and 2 spectral orc
warriors.

Vanquished Creatures
  4 elephants (Lair:3)
  2 spiny frogs (Lair:3)
  A polar bear (Lair:1)
  Prince Ribbit (D:4)
  A basilisk (Lair:3)
  A giant leech (Lair:3)
  5 blink frogs (Lair:2)
  2 grizzly bears
  6 humans (D:6)
  18 yaks
  3 vampire mosquitoes (Lair:3)
  3 hippogriffs
  A rock worm (Lair:3)
  A manticore (D:8)
  A necrophage (D:6)
  2 orc warriors
  2 black bears
  6 ogres
  3 sky beasts
  3 porcupines
  4 centaurs
  An ice beast (D:5)
  2 phantoms
  A boring beetle (Lair:3)
  4 giant slugs
  A gnoll sergeant (D:8)
  8 giant frogs
  2 crocodiles
  4 water moccasins
  A big kobold (D:9)
  4 agate snails
  A yak zombie (D:9)
  2 killer bees (D:5)
  3 jellyfish (Lair:3)
  3 eyes of draining (D:9)
  A jelly (D:9)
  A goliath beetle (D:6)
  5 electric eels (Lair:3)
  3 centaur zombies (Ossuary)
  A giant frog skeleton (D:8)
  An orc priest (D:8)
  A crimson imp (D:6)
  A human zombie (Ossuary)
  7 hounds
  A big fish (Lair:3)
  2 iguanas
  5 orc wizards
  5 worker ants
  2 scorpions
  2 big kobold zombies (Ossuary)
  Ijyb (D:6)
  5 mummies
  7 gnolls
  29 green rats
  8 adders
  A giant mite (Lair:1)
  2 giant centipedes (Lair:1)
  7 worms
  An adder zombie (D:8)
  An iguana zombie (D:8)
  3 giant eyeballs
  8 giant geckos
  An ooze (D:5)
  19 orcs
  A bat skeleton (D:4)
  4 giant cockroaches
  2 gnoll zombies (Ossuary)
  12 goblins
  12 hobgoblins
  12 jackals
  5 quokkas
  2 ball pythons
  16 bats
  4 giant newts
  A giant spore (D:6)
  A goblin skeleton (D:5)
  22 kobolds
  27 rats
  A rat skeleton (D:4)
  A rat zombie (D:8)
  3 ballistomycetes (D:6)
  A plant (Lair:3)
365 creatures vanquished.

Vanquished Creatures (others)
  A fungus (Lair:2)
  A plant (D:9)
2 creatures vanquished.

Grand Total: 367 creatures vanquished

Notes
Turn   | Place    | Note
--------------------------------------------------------------
     0 | D:1      | Aelig, the Deep Elf Fire Elementalist, began the quest for the Orb.
     0 | D:1      | Reached XP level 1. HP: 10/10 MP: 4/4
   470 | D:1      | Reached XP level 2. HP: 13/15 MP: 5/7
  1175 | D:2      | Found a deep blue altar of Sif Muna.
  1260 | D:2      | Reached skill level 4 in Spellcasting
  1262 | D:2      | Found a glowing golden altar of the Shining One.
  1355 | D:2      | Reached XP level 3. HP: 19/19 MP: 9/11
  1431 | D:2      | Learned a level 3 spell: Conjure Flame
  1435 | D:2      | Learned a level 3 spell: Inner Flame
  1438 | D:2      | Learned a level 2 spell: Throw Flame
  1873 | D:3      | Reached XP level 4. HP: 20/24 MP: 11/14
  2474 | D:4      | Noticed Prince Ribbit
  2635 | D:4      | Reached XP level 5. HP: 28/28 MP: 7/17
  2751 | D:4      | Found a sand-covered staircase.
  2805 | Ossuary  | Entered an ossuary
  3107 | Ossuary  | Reached XP level 6. HP: 20/32 MP: 6/19
  3250 | Ossuary  | Reached skill level 5 in Conjurations
  3618 | D:4      | Found a bloodstained altar of Trog.
  3907 | D:4      | Noticed a phantom
  3923 | D:4      | Killed a phantom
  3923 | D:4      | Reached skill level 6 in Conjurations
  3923 | D:4      | Reached skill level 5 in Fire Magic
  3979 | D:4      | Killed Prince Ribbit
  3979 | D:4      | Reached XP level 7. HP: 36/36 MP: 7/21
  4156 | D:5      | Entered Level 5 of the Dungeon
  4159 | D:5      | Reached skill level 7 in Conjurations
  4699 | D:5      | Reached skill level 8 in Conjurations
  4699 | D:5      | Reached XP level 8. HP: 41/41 MP: 13/22
  4901 | D:6      | Found a deep blue altar of Sif Muna.
  4905 | D:6      | Noticed Ijyb
  4907 | D:6      | Killed Ijyb
  4915 | D:5      | Found a snail-covered altar of Cheibriados.
  5644 | D:6      | Reached skill level 9 in Conjurations
  5758 | D:6      | Found a shattered altar of Ashenzari.
  5961 | D:6      | Found a sparkling altar of Nemelex Xobeh.
  6514 | D:6      | Reached XP level 9. HP: 6/45 MP: 17/24
  7082 | D:6      | Found a shimmering altar of Xom.
  7417 | D:6      | Reached skill level 10 in Fire Magic
  7423 | D:6      | Found a staircase to the Ecumenical Temple.
  7432 | Temple   | Entered the Ecumenical Temple
  7476 | Temple   | Became a worshipper of Vehumet
  7627 | D:6      | Reached skill level 10 in Conjurations
  7987 | D:7      | Paralysed by a giant eyeball for 2 turns
  7994 | D:7      | Paralysed by a giant eyeball for 3 turns
  8007 | D:7      | Paralysed by a giant eyeball for 3 turns
  8017 | D:7      | Paralysed by a giant eyeball for 4 turns
  8026 | D:7      | Paralysed by a giant eyeball for 4 turns
  8062 | D:7      | Paralysed by a giant eyeball for 2 turns
  8667 | D:8      | Reached skill level 11 in Fire Magic
  8874 | D:8      | Found a glowing silver altar of Zin.
  8982 | D:8      | Acquired Vehumet's first power
  8982 | D:8      | Offered knowledge of Shock by Vehumet.
  9186 | D:8      | Reached XP level 10. HP: 25/50 MP: 5/25
  9402 | D:8      | Found Mesm's Magic Scroll Boutique.
  9623 | D:9      | Reached skill level 5 in Spellcasting
  9919 | D:9      | Found a staircase to the Lair.
 10102 | D:9      | Offered knowledge of Magic Dart by Vehumet.
 10763 | D:9      | Found a burning altar of Makhleb.
 10763 | D:9      | Noticed a cacodemon
 11116 | Temple   | Learned a level 5 spell: Fireball
 11316 | Lair:1   | Entered Level 1 of the Lair of Beasts
 11344 | Lair:1   | Noticed Unifa's ghost (experienced OgBe)
 11576 | Lair:1   | Reached skill level 5 in Stealth
 11774 | Lair:1   | Offered knowledge of Searing Ray by Vehumet.
 12288 | Lair:1   | Reached skill level 10 in Spellcasting
 12704 | Lair:2   | Acquired Vehumet's second power
 12842 | Lair:2   | Reached XP level 11. HP: 54/54 MP: 24/32
 13047 | Lair:2   | Offered knowledge of Dazzling Spray by Vehumet.
 13940 | Lair:3   | Acquired Vehumet's third power
 14133 | Lair:3   | Found a staircase to the Swamp.
 14284 | Lair:3   | Offered knowledge of Force Lance by Vehumet.
 14291 | Lair:3   | Learned a level 5 spell: Force Lance
 15403 | Lair:3   | Reached skill level 12 in Conjurations
 16576 | Lair:4   | Noticed Nergalle
 16976 | Lair:3   | HP: 2/54 [spectral orc warrior/orcish great mace[Nergalle] (10)]
 16977 | Lair:3   | Demolished by a spectral orc warrior

Action                   |  1- 3 |  4- 6 |  7- 9 | 10-12 || total
-------------------------+-------+-------+-------+-------++-------
Melee: Dagger            |     7 |     3 |       |       ||    10
       Unarmed           |     1 |       |       |       ||     1
       Sabre             |       |       |    17 |    71 ||    88
 Cast: Flame Tongue      |    66 |   125 |   119 |   278 ||   588
       Conjure Flame     |       |    10 |     9 |    46 ||    65
       Throw Flame       |       |     8 |   183 |   303 ||   494
       Inner Flame       |       |     4 |     4 |    16 ||    24
       Force Lance       |       |       |       |    19 ||    19
       Fireball          |       |       |       |    11 ||    11
Evoke: Wand              |       |       |     1 |     3 ||     4
  Use: Scroll            |       |       |     5 |     5 ||    10
       Potion            |       |       |     2 |     4 ||     6
